 Seeded DCSS version 0.28-a0-724-g66f9036eb4 (webtiles) character file.

Game seed: 20211027 (custom seed)

320 Rennog the Magician (level 6, 0/33 HPs)
             Began as a Deep Elf Transmuter on Oct 27, 2021.
             Was a Follower of Okawaru.
             Slain by a gnoll (13 damage)
             ... on level 4 of the Dungeon.
             The game lasted 00:12:21 (6524 turns).

Rennog the Magician (Deep Elf Transmuter)           Turns: 6524, Time: 00:12:22

Health: 0/33       AC:  4    Str:  7    XL:     6   Next: 22%
Magic:  14/17      EV: 12    Int: 20    God:    Okawaru [*.....]
Gold:   79         SH:  0    Dex: 15    Spells: 12/18 levels left

rFire   . . .      SeeInvis .   d - +0 hand axe (elec)
rCold   . . .      Faith    .   (no shield)
rNeg    . . .      Spirit   .   a - +0 robe
rPois   .          Reflect  .   (helmet currently unavailable)
rElec   .          Harm     .   i - +0 cloak
rCorr   .          Rampage  .   m - +0 pair of gloves
Will    +....                   (boots currently unavailable)
Stlth   +.........              (no amulet)
HPRegen 0.11/turn               j - ring of willpower
MPRegen 0.15/turn               (no ring)

@: appendages
A: horns 2, talons 2
a: End Transformation, Renounce Religion, Heroism


You were on level 4 of the Dungeon.
You worshipped Okawaru.
Okawaru was aware of your devotion.
You had temporarily grown beastly horns and talons.
You visited 1 branch of the dungeon, and saw 4 of its levels.
You also visited: Ossuary.

You collected 154 gold pieces.
You spent 75 gold pieces at shops.

Inventory:

Hand Weapons
 d - a +0 hand axe of electrocution (weapon)
Missiles
 o - 14 stones
 p - 2 throwing nets
Armour
 a - a +0 robe (worn)
 i - a +0 cloak (worn)
 m - a +0 pair of gloves (worn)
Jewellery
 j - a ring of willpower (left hand)
Scrolls
 b - 2 scrolls of immolation {unknown}
 c - 2 scrolls of identify {unknown}
 g - 2 scrolls of summoning {unknown}
 h - a scroll of silence {unknown}
 k - a scroll of amnesia {unknown}
 l - a scroll of fear {unknown}
 n - a scroll of blinking
Potions
 e - a potion of attraction {unknown}
 f - 2 potions of flight {unknown}
 q - a potion of mutation {unknown}


   Skills:
 - Level 0.7 Fighting
 - Level 2.4 Dodging
 - Level 2.4 Unarmed Combat
 + Level 6.7 Spellcasting
 + Level 3.0 Translocations
 - Level 2.2 Transmutations
 + Level 3.0 Earth Magic


You had 12 spell levels left.
You knew the following spells:

 Your Spells              Type           Power      Damage    Failure   Level
a - Beastly Appendage     Tmut           30%        N/A       4%          1
b - Sandblast             Erth           38%        2d10      2%          1
c - Blink                 Tloc           36%        N/A       4%          2
d - Wereblood             Tmut           15%        N/A       6%          2

Your spell library contained the following spells:

 Spells                   Type           Power      Damage    Failure   Level
 Passwall                 Tmut/Erth      14%        N/A       4%          2
 Stone Arrow              Conj/Erth      24%        3d8       16%         3
 Spider Form              Tmut/Pois      5%         N/A       19%         3
 Ice Form                 Ice/Tmut       11%        N/A       52%         4
 Manifold Assault         Tloc           18%        N/A       61%         5
 Storm Form               Tmut/Air       5%         N/A       100%        7


Dungeon Overview and Level Annotations

Branches:
Dungeon (4/15)            Ossuary (visited)
 Temple: D:4-7

Altars:
Okawaru

Shops:
D:1 (   D:4 ?

Annotations:
D:4 1 runed translucent door


Innate Abilities, Weirdness & Mutations

You have temporarily grown beastly horns and talons.


Message History

A gnoll is nearby!
A gnoll is nearby!
A gnoll is nearby!
A gnoll is nearby!
Casting: Beastly Appendage (safe; 4% risk of failure)
Confirm with . or Enter, or press ? or * to list all spells.
You can't see any susceptible monsters within range! (Use Z to cast anyway.)
The gnoll shouts!
Found a stone staircase leading down.
Casting: Beastly Appendage (safe; 4% risk of failure)
Confirm with . or Enter, or press ? or * to list all spells.
You can't see any susceptible monsters within range! (Use Z to cast anyway.) Unknown command.
Casting: Beastly Appendage (safe; 4% risk of failure)
Confirm with . or Enter, or press ? or * to list all spells.
You grow a pair of large bovine horns.
Your feet morph into talons.
Casting: Beastly Appendage (safe; 4% risk of failure)
Confirm with . or Enter, or press ? or * to list all spells.
Aiming: Sandblast (safe; 2% risk of failure)
Press: ? - help, Shift-Dir - straight line, f - gnoll
Aim: a gnoll, wielding a +2 vorpal flail (82% to hit)
The blast of sand hits the gnoll.
The gnoll is lightly wounded.
o - 15 stones Unknown command.
Casting: Sandblast (safe; 2% risk of failure)
Confirm with . or Enter, or press ? or * to list all spells.
Aiming: Sandblast (safe; 2% risk of failure)
Press: ? - help, Shift-Dir - straight line, f/p - gnoll
Aim: a gnoll, wielding a +2 vorpal flail (lightly wounded, 82% to hit)
The blast of sand hits the gnoll.
The gnoll is moderately wounded.
o - 14 stones You hit the gnoll.
You headbutt the gnoll.
The gnoll is severely wounded.
The gnoll misses you.
You closely miss the gnoll. You claw the gnoll.
The gnoll is almost dead.
The gnoll hits you with a +2 vorpal flail! x2
You die...

....##......##..................#
....#...........................#
..............####.####....##...#
........##....####...##..##......
........###.###.#.........#...##.
..........#.##.......####(...#...
.# .. .............##...###g.. .#
. .............##.####.... .##.#
........@g.....#.###.##.. .#..#
..............$..#.g.... ....#
...............#....#... .... .
...............#........ .# ....
...............##......# ##......
...............##..##... .#......
...............#..##..#. ........
....>...........#.8.#..# ........
...........#...#


You could see a gnoll.

Vanquished Creatures
  A necrophage (D:3)
  A scorpion (D:4)
  An orc priest (D:4)
  An orc wizard (D:3)
  4 adders
  2 worms
  3 dart slugs
  6 orcs
  5 ball pythons
  4 endoplasms
  4 giant cockroaches
  5 hobgoblins
  3 jackals
  8 kobolds
  3 bats
  2 frilled lizards
  9 goblins
  A hobgoblin zombie (Ossuary)
  4 rats
67 creatures vanquished.

Vanquished Creatures (others)
  2 fungi (D:1)
  7 plants (D:1)
9 creatures vanquished.

Grand Total: 76 creatures vanquished

Notes
Turn   | Place    | Note
-------+----------+-------------------------------------------
     0 | D:1      | Rennog the Deep Elf Transmuter began the quest for the Orb.
     0 | D:1      | Reached XP level 1. HP: 11/11 MP: 6/6
     9 | D:1      | Found Septann's Antique Weapon Shoppe.
   639 | D:2      | Reached XP level 2. HP: 10/16 MP: 6/8
  1004 | D:1      | Reached skill level 4 in Spellcasting
  2114 | D:1      | Found a faded altar of an unknown god.
  2189 | D:1      | Prayed at the altar of an unknown god.
  2189 | D:1      | Became a worshipper of Warmaster Okawaru
  2189 | D:1      | Reached * piety under Okawaru
  2389 | D:1      | Reached XP level 3. HP: 12/20 MP: 9/11
  2909 | D:2      | Reached skill level 5 in Spellcasting
  3745 | D:3      | Learned a level 1 spell: Sandblast
  4419 | D:3      | Reached XP level 4. HP: 22/24 MP: 11/13
  4660 | D:4      | Noticed a scorpion
  4660 | D:4      | Found Ynaamn's Magic Scroll Emporium.
  4670 | D:4      | Killed a scorpion
  4671 | D:4      | Reached skill level 1 in Translocations
  4671 | D:4      | Reached skill level 1 in Earth Magic
  4700 | D:4      | Bought a scroll of blinking for 75 gold pieces
  4762 | D:4      | Found a sand-covered staircase.
  4772 | Ossuary  | Entered an ossuary
  4776 | Ossuary  | Learned a level 2 spell: Blink
  4779 | Ossuary  | Learned a level 2 spell: Wereblood
  4923 | D:4      | Noticed a necrophage
  4930 | D:4      | Reached skill level 6 in Spellcasting
  4930 | D:4      | Reached XP level 5. HP: 3/28 MP: 13/15
  5674 | D:4      | Found a runed translucent gate.
  6242 | D:3      | Killed a necrophage
  6243 | D:3      | Reached XP level 6. HP: 14/33 MP: 13/17
  6524 | D:4      | Slain by a gnoll

Illustrated notes

Levels and vault maps discovered:
D:1:      amcnicky_arrival_gap_in_the_tavern_cellar, layout_basic,
          shapermc_ecumenical_altar_mp_ritualfount, serial_shops, shop
D:2:      layout_basic
D:3:      layout_basic, minmay_quadrilaterals
D:4:      layout_cave_pools, amcnicky_altar_gilded,
          lightli_ossuary_entry_decrepit_ruins, ebering_ghost_gozag,
          serial_shops, nicolae_diamond_shop

Skill      XL: |  1  2  3  4  5  6 |
---------------+-------------------+-----
Spellcasting   | 4 5 6 |  6.7
Translocations | 1 2 3 |  3.0
Earth Magic    | 1 2 3 |  3.0
Fighting       | |  0.7
Dodging        | |  2.4
Unarmed Combat | |  2.4
Transmutations | |  2.2

Action                   |  1- 3 |  4- 6 || total
-------------------------+-------+-------++-------
Melee: Unarmed           |   154 |    33 ||   187
       Kick              |    36 |    18 ||    54
       Headbutt          |    23 |    10 ||    33
       Punch             |     2 |       ||     2
       Hand axe          |       |    61 ||    61
 Cast: Beastly Appendage |    39 |    19 ||    58
       Wereblood         |       |     1 ||     1
       Sandblast         |       |    20 ||    20
Invok: Heroism           |       |     1 ||     1
  Use: Potion            |       |     2 ||     2
 Stab: Sleeping          |     3 |       ||     3
Armor: Robe              |    23 |    42 ||    65
Dodge: Dodged            |    77 |   104 ||   181

Table legend: (Time is in decaauts)
 A = Elapsed time spent in this place.
 B = Non-inter-level travel time spent in this place.
 C = Inter-level travel time spent in this place.
 D = Time resting spent in this place.
 E = Time spent auto-exploring this place.
 F = Levels seen in this place.
 G = Mean time per level.
                   A        B        C        D        E       F      G
               +--------+--------+--------+--------+--------+-----+--------+
         Total |   6543 |   6260 |    283 |   1510 |   3969 |   5 | 1308.6 |
       Dungeon |   6508 |   6225 |    283 |   1510 |   3966 |   4 | 1627.0 |
       Ossuary |     34 |     34 |      0 |      0 |      3 |   1 |   34.0 |
               +--------+--------+--------+--------+--------+-----+--------+

Top non-repeatable levels by time:
     D:3: 2833 daAuts
     D:1: 2151 daAuts
     D:2: 1023 daAuts
     D:4: 500 daAuts
 Ossuary: 34 daAuts
